 Dungeon Crawl Stone Soup version 0.26.1-2-gb8aa6d0cf2 (webtiles) character file.

Game seed: 6401875024896996741

210 hawla the Conjurer (level 5, -2/29 HPs)
             Began as a Deep Elf Conjurer on Feb 22, 2021.
             Slain by an orc
             ... wielding a +0 morningstar
              (8 damage)
             ... on level 4 of the Dungeon.
             The game lasted 00:07:58 (2632 turns).

hawla the Conjurer (Deep Elf Conjurer)              Turns: 2632, Time: 00:07:59

Health: -2/29      AC:  2    Str:  6    XL:     5   Next: 57%
Magic:  4/13       EV: 13    Int: 24    God:
Gold:   50         SH:  0    Dex: 13    Spells: 5/12 levels left

rFire    . . .     SeeInvis .   b - +4 whip
rCold    . . .     Faith    .   (no shield)
rNeg     . . .     Spirit   .   a - +0 robe
rPois    .         Reflect  .   (helmet restricted)
rElec    .         Harm     .   (no cloak)
rCorr    .         Rampage  .   (no gloves)
Will     .....     Clarity  +   (no boots)
Stlth    ++........             (no amulet)
HPRegen  0.09/turn              (no ring)
MPRegen  0.13/turn              (no ring)

@: no status effects
A: beak, blink, clarity, strong 1
a: Blink


You were on level 4 of the Dungeon.
You visited 1 branch of the dungeon, and saw 4 of its levels.

You collected 50 gold pieces.

Inventory:

Hand Weapons
 b - a +4 whip (weapon)
Missiles
 e - 5 poisoned darts
Armour
 a - a +0 robe (worn)
Jewellery
 h - an uncursed amulet of faith
Scrolls
 c - a scroll of amnesia
 j - a scroll of enchant armour {unknown}


   Skills:
 - Level 1.0 Fighting
 - Level 3.0 Dodging
 - Level 3.0 Stealth
 - Level 1.0 Shields
 + Level 4.2 Spellcasting
 + Level 5.0 Conjurations
 * Level 2.2 Translocations
 + Level 2.0 Fire Magic
 - Level 1.0 Evocations


You had 5 spell levels left.
You knew the following spells:

 Your Spells              Type           Power        Failure   Level
a - Magic Dart            Conj           100%         1%          1
b - Searing Ray           Conj           58%          1%          2
c - Iskenderun's Mystic   Conj/Tloc      22%          22%         4

Your spell library contained the following spells:

 Spells                   Type           Power        Failure   Level
 Animate Skeleton         Necr           10%          10%         1
 Pain                     Necr           20%          10%         1
 Dazzling Flash           Conj/Hex       34%          10%         3
 Vampiric Draining        Necr           2%           28%         3
 Fulminant Prism          Conj/Hex       8%           32%         4
 Animate Dead             Necr           2%           67%         4
 Agony                    Necr           5%           95%         5


Dungeon Overview and Level Annotations

Branches:
Dungeon (4/15)
 Temple: D:4-7

Altars:

Portals:
Abyss: D:1***

Annotations:
D:1 dig for money and abyss


Innate Abilities, Weirdness & Mutations

You have a beak for a mouth.
You can translocate small distances at will.
You possess an exceptional clarity of mind.
Your muscles are strong. (Str +2)


Message History

Confirm with . or Enter, or press ? or * to list all spells.
Aiming: Searing Ray (safe; 1% risk of failure)
Press: ? - help, Shift-Dir - straight line, f - orc priest, p - orc
Aim: an orc priest, wielding a +0 hand axe and wearing a +0 chain mail of willpower (15% to evade)
The searing ray hits the orc priest but does no damage. (Press . to maintain the ray.)
The orc priest closely misses you.
The searing ray hits the orc priest.
The orc priest is lightly wounded.
The orc hits you with a +0 morningstar! The orc priest barely misses you.
The searing ray hits the orc priest but does no damage.
The orc priest is lightly wounded.
The orc misses you.
The orc priest hits you with a +0 hand axe.
* * * LOW HITPOINT WARNING * * *
You aren't carrying any potions.
As you read the scroll labelled BIFUK CYLEOLY, it crumbles to dust.
The scroll dissolves into smoke.
It was a scroll of fog.
The orc hits you with a +0 morningstar!
You die...

#... .#....
#..##.#o...
#($......##
#....oo....
#).........
#)#.#......
#§#.# #..##
#o#.# ...#
#@#.#..#
#§o§#.##.#
#§#§.....#
.######...#....#
..........#...>#
...#.....# ...#
#....## ...#
#.#...# ###
......†.#.#.#


You could see an orc priest and an orc.

Vanquished Creatures
  Natasha (thrice) (D:2)
  A worker ant (D:4)
  A gnoll (D:1)
  3 adders (D:2)
  A worm (D:2)
  4 dart slugs
  4 orcs (D:4)
  7 bats
  3 giant cockroaches
  9 goblins
  7 hobgoblins
  2 jackals (D:2)
  7 kobolds
  A quokka (D:2)
  A frilled lizard (D:1)
  8 rats
62 creatures vanquished.

Vanquished Creatures (others)
  5 plants (D:2)
5 creatures vanquished.

Grand Total: 67 creatures vanquished

Notes
Turn   | Place    | Note
-------+----------+-------------------------------------------
     0 | D:1      | hawla the Deep Elf Conjurer began the quest for the Orb.
     0 | D:1      | Reached XP level 1. HP: 10/10 MP: 6/6
   210 | D:1      | Reached XP level 2. HP: 13/15 MP: 0/8
   213 | D:1      | Learned a level 2 spell: Searing Ray
   604 | D:1      | Reached XP level 3. HP: 20/20 MP: 4/9
   649 | D:1      | Reached skill level 1 in Evocations
   927 | D:1      | Reached skill level 1 in Fire Magic
  1415 | D:2      | Noticed Natasha
  1426 | D:2      | Reached XP level 4. HP: 24/24 MP: 1/11
  1431 | D:2      | Learned a level 4 spell: Iskenderun's Mystic Blast
  1465 | D:2      | Killed Natasha
  1466 | D:2      | Reached skill level 1 in Fighting
  1568 | D:2      | Reached skill level 1 in Translocations
  1713 | D:2      | Noticed Natasha
  1721 | D:2      | Killed Natasha
  1722 | D:2      | Reached skill level 1 in Shields
  1722 | D:2      | Reached XP level 5. HP: 26/29 MP: 4/12
  2092 | D:2      | Noticed Natasha
  2096 | D:2      | Killed Natasha
  2097 | D:2      | Reached skill level 5 in Conjurations
  2561 | D:3      | Gained mutation: Your muscles are strong. (Str +2) [potion
                  | of mutation]
  2561 | D:3      | Gained mutation: You have a beak for a mouth. [potion of
                  | mutation]
  2561 | D:3      | Gained mutation: You can translocate small distances at
                  | will. [potion of mutation]
  2561 | D:3      | Gained mutation: You possess an exceptional clarity of
                  | mind. [potion of mutation]
  2632 | D:4      | Slain by an orc

Illustrated notes

Levels and vault maps discovered:
D:1:      minmay_arrival_glassed_features, layout_loops_ring
D:2:      layout_basic, serial_forest, infiniplex_forest_straight_2,
          infiniplex_forest_clump_curved, infiniplex_forest_lined_3_way,
          infiniplex_forest_clump_double, infiniplex_forest_clump_medium,
          infiniplex_forest_lined_room_2, kennysheep_generic_room_7,
          uniq_natasha
D:3:      minmay_octagon_keep, layout_loops_ring
D:4:      layout_basic, minmay_temple_entry_enclosed_plants, serial_curves,
          eino_curves_03, eino_curves_01

Skill      XL: |  1  2  3  4  5 |
---------------+----------------+-----
Evocations     | 1 |  1.0
Fire Magic     | 1 2 |  2.0
Dodging        | 3 |  3.0
Stealth        | 3 |  3.0
Fighting       | 1 |  1.0
Translocations | 1 2 |  2.2
Shields        | 1 |  1.0
Spellcasting   | 4 |  4.2
Conjurations   | 5 |  5.0

Action                   |  1- 3 |  4- 6 || total
-------------------------+-------+-------++-------
Melee: Whip              |     4 |     1 ||     5
 Cast: Magic Dart        |    41 |    16 ||    57
       Searing Ray       |    18 |    17 ||    35
  Use: Scroll            |       |     5 ||     5
       Potion            |       |     1 ||     1
Armor: Robe              |     1 |       ||     1
Dodge: Dodged            |     7 |     9 ||    16
